AoeStats
← asuna

Nomad

509709822Analyzed
4v4 RM · 4d ago on Sep 27, 2026· 55m 48s· 8 players
Game mode
Random Map
Map size
231×231
Population
200
Speed
Normal
Resources
Standard
Victory
Conquest
Starting age
Dark Age
Ending age
Imperial Age
RankedLock teamsTeams togetherTeam positionsShared explorationLock speedFull tech treeHidden civsTurbo modeCheats
Victory
Defeat
🇹🇷 Huns · Türkiye
826
+17
🇨🇱 Khmer · Chile
811
+18
🇨🇦 Ethiopians · Canada
786
+19
🇺🇸 Italians · United States
781
+19
🇨🇦 Mapuche · Canada
870
-19
🇨🇳 Britons · China
852
-18
🇨🇦 Teutons · Canada
846
-18
🇨🇳 Magyars · China
839
-18
DeVinci_Qc
4:07 Loom
15:25 Feudal Age
15:54 Double-Bit Axe
16:29 Horse Collar
16:24 Man-at-Arms
16:51 Arson
20:36 Wheelbarrow
20:03 Fishing Lines
22:37 Gold Mining
26:28 Castle Age
25:10 Stone Mining
27:38 Bow Saw
27:32 Heavy Plow
28:45 Gold Shaft Mining
28:46 Stone Shaft Mining
29:29 Hand Cart
32:38 Crossbowman
35:55 Fortified Wall
36:55 Masonry
42:04 Imperial Age
41:12 Thumb Ring
42:07 Forging
41:59 Scale Mail Armor
43:22 Conscription
45:30 Two-Man Saw
44:46 Town Watch
45:31 Arbalester
46:05 Capped Ram
47:19 Town Patrol
50:32 Scale Barding Armor
50:43 Chain Mail Armor
51:03 Iron Casting
50:59 Shipwright
54:58 Chemistry
54:19 Ballistics
wfR'
15:10 Feudal Age
16:37 Wheelbarrow
15:50 Double-Bit Axe
15:49 Horse Collar
16:07 Arson
18:30 Gold Mining
22:05 Town Watch
22:42 Stone Mining
23:12 Bloodlines
26:33 Castle Age
27:30 Hand Cart
27:27 Bow Saw
27:20 Heavy Plow
27:58 Gold Shaft Mining
28:00 Stone Shaft Mining
27:45 Light Cavalry
28:16 Man-at-Arms
28:18 Pikeman
30:33 Husbandry
31:10 Long Swordsman
34:19 Tusk Swords
35:15 Loom
35:42 Town Patrol
38:27 Ballistics
38:19 Masonry
38:22 Scale Barding Armor
48:10 Imperial Age
49:37 Double Crossbow
51:02 Architecture
51:38 Chemistry
50:43 Elite Ballista Elephant
51:24 Cavalier
ianxpresso
15:22 Feudal Age
16:08 Double-Bit Axe
16:23 Fishing Lines
22:45 Castle Age
20:50 Gold Mining
22:06 Stone Mining
23:49 Bow Saw
24:37 Stone Shaft Mining
23:59 Gillnets
25:13 Fletching
25:23 Padded Archer Armor
26:42 Medium Warships
25:54 Demolition Ship
27:39 Wheelbarrow
26:51 Town Watch
27:05 Loom
28:32 Fervor
28:59 Wheelbarrow
33:03 Hand Cart
33:51 Bodkin Arrow
34:11 Leather Archer Armor
34:15 Clinker Construction
34:15 Careening
35:48 Town Patrol
35:56 Siphons
40:53 Imperial Age
39:23 Forging
39:13 Scale Mail Armor
41:34 Iron Casting
41:15 Chain Mail Armor
40:23 Crossbowman
41:08 Thumb Ring
41:24 Pikeman
42:23 Murder Holes
42:49 Ballistics
42:19 Guard Tower
42:40 Masonry
42:11 Treadmill Crane
43:39 Elite Genoese Crossbowman
44:40 Conscription
44:30 Pirotechnia
44:57 Hoardings
45:58 Bracer
46:28 Ring Archer Armor
46:59 Blast Furnace
46:29 Plate Mail Armor
47:44 Cavalier
48:25 Husbandry
47:49 Elite Skirmisher
49:15 Onager
52:05 Scale Barding Armor
54:03 Chemistry
53:35 Architecture
52:55 Heated Shot
53:41 Keep
52:51 Arrowslits
asuna
15:51 Loom
17:42 Feudal Age
23:50 Castle Age
21:51 Double-Bit Axe
22:07 Fishing Lines
23:21 Scale Barding Armor
23:27 Forging
23:02 Horse Collar
23:15 Gold Mining
23:16 Stone Mining
25:13 Bow Saw
26:55 Gillnets
28:18 Wheelbarrow
30:40 Demolition Ship
31:32 Medium Warships
35:22 Imperial Age
33:09 Hand Cart
33:28 Town Watch
34:09 Ballistics
34:01 Masonry
34:16 Chain Barding Armor
34:12 Heavy Plow
37:37 Man-at-Arms
38:18 Squires
38:04 Arson
37:55 Elite Tarkan
38:38 Marauders
38:48 Long Swordsman
41:18 Plate Barding Armor
41:18 Iron Casting
40:49 Husbandry
41:00 Bloodlines
44:07 Two-Handed Swordsman
45:17 Town Patrol
49:02 Capped Ram
Drolsorcen
12:53 Feudal Age
17:30 Double-Bit Axe
20:06 Castle Age
20:54 Pikeman
21:53 Elite Skirmisher
24:38 Horse Collar
32:21 Wheelbarrow
32:47 Heavy Plow
32:58 Bow Saw
49:38 Hand Cart
49:08 Loom
BurningChild
7:00 Loom
16:06 Feudal Age
21:08 Castle Age
20:03 Fishing Lines
20:12 Double-Bit Axe
20:14 Horse Collar
22:50 Forging
22:40 Scale Mail Armor
27:04 Wheelbarrow
29:24 Imperial Age
29:44 Bloodlines
29:37 Gold Mining
29:40 Stone Mining
29:31 Cavalier
31:13 Hand Cart
30:45 Town Watch
36:51 Chemistry
36:12 Ballistics
41:47 Town Patrol
42:04 Paladin
43:26 Iron Casting
43:07 Chain Mail Armor
43:00 Scale Barding Armor
46:57 Pikeman
47:37 Squires
47:23 Arson
55:00 Stone Shaft Mining
Henrik
17:50 Feudal Age
18:21 Horse Collar
18:28 Double-Bit Axe
24:56 Castle Age
25:21 Gold Mining
25:24 Stone Mining
26:39 Bow Saw
28:21 Gold Shaft Mining
27:52 Heavy Plow
28:12 Pikeman
36:52 Imperial Age
34:58 Wheelbarrow
36:24 Hand Cart
36:30 Hand Cart
38:56 Conscription
40:58 Corvinian Army
42:25 Scale Barding Armor
41:45 Elite Magyar Huszar
43:58 Crop Rotation
44:32 Two-Man Saw
47:05 Halberdier
Letty
4:45 Loom
15:21 Feudal Age
16:27 Fishing Lines
21:27 Castle Age
20:06 Horse Collar
20:14 Double-Bit Axe
21:25 Wheelbarrow
21:48 Stone Mining
25:29 Gillnets
26:38 Medium Warships
31:08 Hand Cart
31:34 Elite Skirmisher
33:10 Bow Saw
34:45 Crossbowman
35:51 Gold Mining
36:28 Town Watch
38:29 Pikeman
39:09 Squires
44:17 Imperial Age
43:54 Heavy Plow
45:04 Yeomen
45:23 Conscription
45:03 Arbalester
47:16 Fletching
47:26 Padded Archer Armor
47:37 Forging
47:27 Scale Mail Armor
49:27 Warwolf
50:57 Halberdier
Connection lost

Rejoining the realm…

Still unreachable

The connection could not be restored.

Session expired

The server has moved on; the page needs a fresh start.